Map: Data-C

Players

LiquidElazer (Elazer) - Winner!

  • Race: Zerg Zerg
  • Spawn Location: 9:00

soO

  • Race: Zerg Zerg
  • Spawn Location: 3:00

Event: HomeStory Cup XXII

VOD

Have the link to the VOD?

Description

Time

  • Played on: Dec. 16, 2022, 2:47 p.m.
  • Length: 7:59

All games in this series

Show
View Real Time Build Order
Export as new Build Order

LiquidElazer Zerg - Winner!

Build Orders: Hatch First, Zergling Baneling 

Get SALT Encoding   

  12  0:00  Drone  
  13  0:12  Overlord  
  13  0:16  Drone  
  14  0:30  Drone x2  
  16  0:47  Hatchery  
  15  0:50  Drone  
  15  0:54  Drone  
  17  0:57  Drone  
  18  1:09  Extractor  
  17  1:12  Spawning Pool  
  17  1:15  Drone  
  17  1:19  Drone  
  18  1:27  Drone  
  19  1:39  Drone  
  20  1:49  Drone  
  21  1:59  Queen x2  
  25  2:01  Zergling x2, Overlord  
  26  2:08  Metabolic Boost  
  26  2:11  Drone x2  
  28  2:23  Zergling x2  
  28  2:24  Drone  
  30  2:34  Hatchery  
  30  2:36  Drone  
  30  2:38  Drone  
  30  2:43  Drone x2  
  33  2:48  Baneling Nest  
  32  2:53  Overlord  
  32  2:56  Drone  
  33  3:07  Drone x2  
  33  3:08  Drone  
  33  3:09  Overlord  
  36  3:13  Queen  
  36  3:17  Drone  
  39  3:20  Drone  
  39  3:22  Zergling x4  
  39  3:23  Zergling x2  
  43  3:33  Zergling x2  
  43  3:34  Zergling x2, Baneling  
  45  3:35  Baneling x2  
  45  3:37  Zergling x2  
  45  3:40  Zergling x8  
  49  3:46  Zergling x8  
  49  4:05  Zergling x8  
  49  4:08  Queen  
  51  4:15  Zergling x12  
  54  4:17  Baneling x2  
  54  4:19  Zergling x8  
  54  4:23  Zergling x2  
  54  4:24  Zergling x2  
  56  4:31  Drone  
  56  4:36  Roach Warren  
  55  4:40  Zergling x4  
  55  4:48  Zergling x8  
  55  4:50  Baneling  
  57  4:55  Zergling x2  
  57  4:56  Baneling x2  
  57  5:01  Zergling x4  
  56  5:08  Zergling x4  
  56  5:12  Zergling x4  
  58  5:16  Zergling x4  
  56  5:21  Zergling x4  
  56  5:27  Zergling x6  
  56  5:28  Overlord  
  57  5:29  Baneling x5  
  57  5:39  Extractor  
  56  5:43  Drone x2  
  58  5:51  Drone x9  
  65  6:01  Zergling x6  
  65  6:09  Roach  
  65  6:10  Overlord  
  64  6:16  Roach  
  61  6:26  Roach x2  
  61  6:29  Roach x4  
  68  6:34  Roach x3  
  68  6:37  Overlord  
  68  6:38  Overlord x2  
  74  6:43  Baneling  
  74  6:44  Baneling x3  
  74  6:45  Overlord  
  74  6:56  Zergling x18  
  74  6:57  Ravager  
  83  7:01  Zergling x8  
  83  7:05  Zergling x6  
  83  7:07  Baneling x2  
  89  7:12  Zergling x10  
  90  7:28  Zergling x10  
  92  7:32  Ravager  
  92  7:35  Zergling x14  
Show
View Real Time Build Order
Export as new Build Order

soO Zerg 

Build Orders: Hatch First, Zergling Baneling 

Get SALT Encoding   

  12  0:00  Drone  
  13  0:12  Overlord  
  13  0:16  Drone  
  14  0:30  Drone x2  
  16  0:47  Hatchery  
  15  0:51  Drone  
  15  0:55  Drone  
  17  0:58  Drone  
  18  1:09  Extractor  
  17  1:14  Spawning Pool  
  17  1:16  Drone  
  17  1:21  Drone  
  18  1:27  Drone  
  19  1:39  Drone  
  20  1:55  Overlord  
  20  2:00  Queen x2  
  20  2:01  Zergling x2  
  25  2:02  Drone  
  26  2:11  Drone x2  
  26  2:12  Metabolic Boost  
  28  2:21  Drone x2  
  30  2:32  Zergling x2  
  31  2:38  Hatchery  
  31  2:41  Drone  
  31  2:45  Baneling Nest  
  31  2:47  Drone  
  31  2:48  Drone  
  32  2:54  Overlord  
  32  3:00  Drone  
  32  3:04  Zergling x4  
  35  3:09  Zergling x2  
  36  3:13  Zergling x8  
  36  3:19  Zergling x2  
  42  3:20  Zergling x2  
  42  3:21  Overlord  
  42  3:28  Baneling x2  
  42  3:29  Baneling x2  
  42  3:34  Zergling x2  
  42  3:35  Zergling x2  
  42  3:38  Overlord  
  44  3:44  Drone  
  44  3:45  Drone x3  
  48  3:49  Drone  
  48  3:52  Drone  
  49  3:58  Baneling x2  
  46  4:04  Zergling x2  
  46  4:05  Zergling x10  
  46  4:09  Drone  
  49  4:11  Drone x2  
  49  4:14  Zergling x4  
  50  4:25  Queen, Drone x2  
  50  4:26  Baneling, Drone x2  
  50  4:30  Roach Warren  
  55  4:32  Baneling  
  55  4:40  Zergling x2, Drone x2  
  55  4:41  Zergling x2  
  55  4:45  Zergling x4  
  55  4:46  Zergling x2  
  55  4:48  Zergling x2  
  58  4:54  Zergling x4  
  58  4:59  Zergling x2  
  60  5:01  Zergling x10  
  57  5:10  Zergling x6  
  57  5:13  Queen x2  
  61  5:15  Zergling x2  
  61  5:17  Zergling x2  
  61  5:18  Zergling x2  
  59  5:23  Zergling x2  
  59  5:25  Baneling x2  
  55  5:29  Baneling  
  55  5:31  Zergling x2  
  55  5:37  Evolution Chamber  
  54  5:44  Hatchery  
  54  5:45  Zergling x6  
  56  5:51  Zergling x2  
  56  5:52  Baneling x2  
  55  6:01  Zergling x4  
  55  6:03  Queen  
  52  6:12  Zergling x2  
  53  6:19  Zergling x4  
  54  6:27  Zergling x4  
  54  6:35  Roach x2  
  54  6:36  Overlord  
  54  6:39  Extractor x2  
  54  6:40  Overlord  
  54  6:41  Overlord  
  54  6:42  Overlord  
  54  6:44  Baneling  
  54  6:45  Baneling  
  54  6:49  Roach  
  54  6:50  Overlord  
  56  6:58  Roach  
  56  7:03  Roach  
  56  7:05  Zergling x2  
  59  7:09  Queen, Roach  
  59  7:10  Queen  
  59  7:12  Roach  
  59  7:13  Zergling x2  
  59  7:14  Zergling x8  
  59  7:15  Zergling x2  
  72  7:20  Roach  
  72  7:22  Roach  
  68  7:25  Roach  
  68  7:29  Roach  
  70  7:31  Roach  
  70  7:34  Roach  
  70  7:36  Roach  
  74  7:40  Roach  
Tags
 
Add a new tag
Caveats
  • Supply blocks, unpowered buildings, or Contaminate may cause inaccurate times.
  • Supply counts are checked every 10 seconds.